AoeStats
← Yoakin1298

MegaRandom

510244749Analyzed
2v2 RM · 22h ago on Sep 30, 2026· 98m 7s· 4 players
Game mode
Random Map
Map size
Medium (4 player)
Population
200
Speed
Normal
Resources
Standard
Victory
Conquest
Starting age
Dark Age
Ending age
Imperial Age
RankedLock teamsTeams togetherTeam positionsShared explorationLock speedFull tech treeHidden civsTurbo modeCheats
Victory
Defeat
🇨🇷 Mongols · Costa Rica
918
+17
🇨🇷 Magyars · Costa Rica
857
+21
🇦🇷 Maya · Argentina
944
-19
🇦🇷 Burgundians · Argentina
942
-19
Yoakin1298
7:34 Loom
9:34 Feudal Age
21:14 Castle Age
22:04 Double-Bit Axe
22:24 Husbandry
22:20 Fletching
24:20 Bodkin Arrow
25:51 Town Watch
26:51 Ballistics
36:39 Imperial Age
35:00 Padded Archer Armor
36:36 Leather Archer Armor
41:27 Conscription
41:16 Bracer
43:31 Chemistry
48:51 Bow Saw
49:07 Elite Skirmisher
51:42 Horse Collar
56:42 Drill
57:45 Onager
66:10 Masonry
69:02 Siege Onager
71:24 Elite Mangudai
78:32 Bloodlines
77:56 Light Cavalry
79:44 Hussar
82:19 Forging
82:15 Scale Barding Armor
84:04 Iron Casting
84:47 Chain Barding Armor
86:19 Blast Furnace
87:38 Heavy Plow
vctortierrez.94
0:37 Loom
11:55 Feudal Age
13:05 Man-at-Arms
23:16 Castle Age
22:35 Stone Mining
23:05 Town Watch
23:24 Elite Skirmisher
27:30 Gold Mining
28:31 Corvinian Army
28:24 Double-Bit Axe
37:39 Wheelbarrow
37:10 Horse Collar
44:38 Imperial Age
62:03 Bow Saw
77:03 Elite Magyar Huszar
77:50 Recurve Bow
jefe gorgojo
0:27 Loom
10:43 Feudal Age
15:55 Castle Age
14:55 Gold Mining
16:03 Crossbowman
21:38 Fletching
24:35 Padded Archer Armor
25:02 Bodkin Arrow
26:45 Leather Archer Armor
26:29 Town Watch
30:31 Thumb Ring
35:04 Wheelbarrow
34:52 Stone Mining
35:38 Horse Collar
35:47 Double-Bit Axe
42:26 Imperial Age
43:13 Bracer
48:15 Arbalester
52:06 Ballistics
51:13 Elite Skirmisher
53:53 Conscription
54:05 Ring Archer Armor
65:22 Eagle Warrior
66:42 Holcans
66:14 Scale Mail Armor
66:24 Forging
67:06 Elite Eagle Warrior
67:47 Squires
68:31 Bow Saw
81:18 Capped Ram
84:00 Siege Ram
Cuakiecosa
6:30 Loom
12:44 Feudal Age
16:57 Castle Age
28:44 Fletching
28:56 Padded Archer Armor
29:42 Elite Skirmisher
35:50 Scale Barding Armor
35:57 Forging
37:51 Double-Bit Axe
41:07 Gold Mining
43:44 Chain Barding Armor
44:00 Iron Casting
45:08 Leather Archer Armor
44:49 Bodkin Arrow
47:50 Iron Casting
58:13 Cavalier
62:15 Light Cavalry
67:29 Wheelbarrow
79:21 Imperial Age
Connection lost

Rejoining the realm…

Still unreachable

The connection could not be restored.

Session expired

The server has moved on; the page needs a fresh start.